[Event "EYCC Open U12 2018"]
[Site "Riga"]
[Date "2018.08.26"]
[Round "6"]
[White "Safin, Robert"]
[Black "Strybuk, Artsiom I"]
[Result "1-0"]
[ECO "D70"]
[WhiteElo "2156"]
[BlackElo "1999"]
[Annotator "NA"]
[PlyCount "95"]
[EventDate "2018.08.20"]
[EventType "swiss"]
[EventCountry "LAT"]
[SourceTitle "playchess.com"]
[Source "ChessBase"]
[SourceQuality "1"]
[TimeControl "40/5400+30:1800+30"]

1. d4 Nf6 2. c4 g6 3. Nf3 Bg7 4. g3 c5 5. d5 b5 6. cxb5 a6 7. bxa6 d6 8. Nc3 O-O 9. e4 Bxa6 10. Bxa6 {[%emt 0:00:06] A58: Benko/Volga Gambit: Lines with 5 bxa6} Rxa6 11. O-O Nbd7 12. Qe2 Qa8 13. Bg5 Nb6 14. Rab1 $146 ({Predecessor:} 14. Rad1 Na4 15. Nxa4 Rxa4 16. Bxf6 Bxf6 17. a3 Qa6 {0-1 (57) Umezinwa,G (2310)-Fishbein,A (2495) Chicago 1992}) 14... Na4 15. Nb5 Rb6 16. b3 Rxb5 17. Qxb5 Nc3 18. Qd3 Nfxe4 19. Rbe1 f5 $11 ({Better is} 19... Nxg5 $15 20. Nxg5 Nxd5) 20. Bxe7 Re8 21. Bg5 Qxa2 22. Nd2 Rb8 23. Bf4 Bd4 24. Nxe4 fxe4 25. Rxe4 Nxe4 26. Qxe4 Rf8 27. Qe6+ Rf7 28. Qxd6 Qxb3 29. Bh6 Bg7 30. Bxg7 Kxg7 31. Qxc5 h5 32. Qd4+ Kh7 33. Rd1 Rd7 34. d6 Qe6 35. Kg2 Qe8 36. Qd5 Qf8 37. Rd4 Qd8 38. h4 Kg7 39. Ra4 Qf8 40. Ra6 Qb8 41. Rc6 Kh7 42. Qe6 Rg7 43. d7 Qa8 44. Qd5 Qd8 45. Rd6 Kh8 46. Kg1 Kh7 47. Kh2 Kh8 48. Qg5 1-0

[Event "EYCC Open U12 2018"]
[Site "Riga"]
[Date "2018.08.26"]
[Round "6"]
[White "Siniauski, Artsiom"]
[Black "Piliposyan, Robert"]
[Result "1/2-1/2"]
[ECO "B11"]
[WhiteElo "2081"]
[BlackElo "1975"]
[Annotator "NA"]
[PlyCount "100"]
[EventDate "2018.08.20"]
[EventType "swiss"]
[EventCountry "LAT"]
[SourceTitle "playchess.com"]
[Source "ChessBase"]
[SourceQuality "1"]
[TimeControl "40/5400+30:1800+30"]

1. e4 c6 2. Nf3 d5 3. Nc3 Bg4 4. h3 Bxf3 5. Qxf3 e6 6. a3 Nf6 7. d3 Bd6 8. g3 Nbd7 9. Bg2 {[%emt 0:00:07] B11: Caro-Kann: Two Knights Variation} Qc7 10. Qe2 d4 $146 ({Predecessor:} 10... O-O 11. O-O Be5 12. Nd1 Bd4 13. Kh2 b5 14. f4 dxe4 15. dxe4 e5 16. f5 Ne8 {½-½ (49) Rozentalis,E (2592)-Antoniewski,R (2559) Austria 2012}) 11. Nb1 O-O-O 12. b4 Kb8 13. Bb2 e5 14. O-O h5 15. c3 h4 16. g4 Nf8 17. f4 Ng6 18. cxd4 Nxf4 {[%emt 0:01:24] [#]} 19. Qe3 $17 (19. Rxf4 $1 $11 exf4 20. e5) 19... exd4 20. Bxd4 Ne2+ 21. Qxe2 Bh2+ 22. Kh1 Rxd4 23. Nd2 Rd7 24. Nc4 Be5 25. Rab1 Ne8 26. b5 cxb5 27. Nxe5 Qxe5 28. Rf5 Qd4 29. Rfxb5 Rh6 30. Rd5 Rxd5 31. exd5 Nd6 32. Qe7 a6 33. g5 Rg6 34. Be4 Qe3 35. Qd8+ Ka7 36. Bxg6 Qxh3+ 37. Kg1 Qg3+ 38. Kf1 fxg6 39. Qb6+ Kb8 40. Rb2 h3 41. Qd8+ Ka7 42. Qb6+ Kb8 43. Qd8+ Nc8 44. d6 Qxd3+ 45. Ke1 Qg3+ 46. Kd1 Qxd6+ 47. Qxd6+ Nxd6 48. Rh2 Ne4 49. Ke2 Nxg5 50. Ke3 a5 {[%emt 0:03:12] Ke4} 1/2-1/2

[Event "EYCC Open U12 2018"]
[Site "Riga"]
[Date "2018.08.26"]
[Round "6"]
[White "Sokolovsky, Yahli"]
[Black "Murzin, Volodar"]
[Result "0-1"]
[ECO "B51"]
[WhiteElo "2062"]
[BlackElo "2306"]
[Annotator "NA"]
[PlyCount "94"]
[EventDate "2018.08.20"]
[EventType "swiss"]
[EventCountry "LAT"]
[SourceTitle "playchess.com"]
[Source "ChessBase"]
[SourceQuality "1"]
[TimeControl "40/5400+30:1800+30"]

1. e4 c5 2. Nf3 d6 3. Bb5+ Nd7 4. O-O a6 5. Bd3 {[%emt 0:00:32] B51: Sizilianisch (Rossolimo-Variante)} Ngf6 6. c3 b5 7. a4 (7. Bc2 Bb7 8. Re1 c4 9. a4 e6 10. axb5 axb5 11. Rxa8 Qxa8 12. Na3 Bxe4 13. Bxe4 Nxe4 {½-½ (58) Anand,V (2768)-So,W (2780) Saint Louis 2018}) 7... c4 8. Be2 Bb7 9. axb5 axb5 10. Rxa8 Bxa8 11. Na3 Qb8 12. d3 cxd3 13. Bxd3 b4 $146 ({Vorgänger:} 13... Bxe4 14. Nxb5 {½-½ (25) Muzychuk,A (2571)-Raja,H (2427) Caleta 2018}) 14. cxb4 g6 15. Qa4 Bg7 16. Bb5 Bxe4 17. Bg5 Qb7 18. Bxf6 Bxf6 19. Rc1 (19. Nc4 $11 Qc7 20. Qa5 Qxa5 21. bxa5) 19... O-O 20. Qb3 (20. Bxd7 $17 {might work better.} Bxb2 21. Bc6 Bxc6 22. Qxc6 Qxc6 23. Rxc6 Bxa3 24. Rc7) 20... Nb6 21. Bf1 Bd5 22. Nc4 $19 Rb8 23. Nfd2 Bg5 24. Rc2 Bxd2 25. Rxd2 Rc8 26. Na5 Bxb3 27. Nxb7 Rc1 28. Na5 Ba4 29. f3 Bb5 30. Rf2 Nd5 31. Nb3 Rd1 32. Nd2 Ne3 33. f4 Kf8 34. Rf3 Nxf1 35. Nxf1 Ke8 36. g4 Kd7 37. f5 g5 38. Kg2 Bc6 39. Ne3 Rd2+ 40. Kg3 Bxf3 41. Kxf3 Rxb2 42. Nd5 Rxh2 43. Nb6+ Kd8 44. Nc4 Rh3+ 45. Ke4 Rb3 46. Kd5 Rxb4 47. Ne3 Kd7 {[%emt 0:00:14] Kd4} 0-1

[Event "EYCC Open U12 2018"]
[Site "Riga"]
[Date "2018.08.26"]
[Round "6"]
[White "Silich, Yahor"]
[Black "Grebnev, Aleksey"]
[Result "1/2-1/2"]
[ECO "C01"]
[WhiteElo "2043"]
[BlackElo "2143"]
[Annotator "NA"]
[PlyCount "88"]
[EventDate "2018.08.20"]
[EventType "swiss"]
[EventCountry "LAT"]
[SourceTitle "playchess.com"]
[Source "ChessBase"]
[SourceQuality "1"]
[TimeControl "40/5400+30:1800+30"]

1. e4 e6 2. d4 d5 3. exd5 exd5 4. Nf3 Nf6 5. Bd3 c5 6. O-O c4 7. Re1+ Be7 8. Bf1 O-O {[%emt 0:00:06] C01: French: Exchange Variation} 9. b3 (9. Bg5) 9... cxb3 10. axb3 Bf5 11. Ne5 Nc6 12. Nxc6 bxc6 13. Bd3 Bxd3 14. Qxd3 Nd7 $146 ({Predecessor:} 14... Bd6 15. Nc3 Qc7 16. h3 {½-½ (47) Mahdy,K (2400)-Roth,P (2285) Austria 1997}) 15. Ba3 Bxa3 16. Nxa3 Nf6 17. Nb1 Qc7 18. Nd2 Rfe8 19. Qc3 h6 20. g3 Qb6 21. f3 Rac8 22. Rxe8+ Rxe8 23. Kf2 Nd7 24. Ra5 $11 Nf8 25. b4 Ne6 26. Nb3 Rb8 27. Ke3 h5 28. Nc5 Nc7 29. Ra4 Re8+ 30. Kf2 Nb5 31. Qd3 Qd8 32. Ra1 Qe7 33. Qd2 h4 34. Nb3 Qd7 35. Re1 Rxe1 36. Qxe1 Kf8 37. Qe5 hxg3+ 38. hxg3 Qh3 39. Nc5 Qh2+ 40. Ke3 Qh3 41. Kf2 Qh2+ 42. Ke3 Qxc2 43. Nd7+ Kg8 44. Qe8+ Kh7 {Ke4} 1/2-1/2

[Event "EYCC Open U12 2018"]
[Site "Riga"]
[Date "2018.08.27"]
[Round "7"]
[White "Mitusov, Semen"]
[Black "Silich, Yahor"]
[Result "1-0"]
[ECO "B06"]
[WhiteElo "2140"]
[BlackElo "2043"]
[Annotator "NA"]
[PlyCount "73"]
[EventDate "2018.08.20"]
[EventType "swiss"]
[EventCountry "LAT"]
[SourceTitle "playchess.com"]
[Source "ChessBase"]
[SourceQuality "1"]
[TimeControl "40/5400+30:1800+30"]

1. d4 g6 2. e4 Bg7 3. Nc3 c5 4. d5 d6 5. h3 Nf6 6. Nf3 O-O 7. a4 Na6 8. Be2 Nc7 9. O-O a6 10. Bf4 b6 11. Re1 Bb7 12. Bc4 Re8 13. Qd2 {[%emt 0:04:08] LiveBook: 6 Games} Bh8 $16 14. Bh2 Rf8 15. Rad1 Rb8 16. Qe2 Nh5 17. e5 Ng7 18. Ne4 Nge8 19. Nc3 Ng7 20. g4 h5 21. Ng5 hxg4 22. hxg4 Nge8 23. Qe3 f6 24. exf6 Bxf6 25. Nce4 e5 26. dxe6 d5 27. Nxf6+ Qxf6 28. e7 Rf7 29. Nxf7 dxc4 30. Nd6 Nd5 31. Nxe8 Rxe8 32. Qe6+ Qxe6 33. Rxe6 Kf7 34. Rd6 Nf6 35. Rxb6 Bf3 36. Re1 Nxg4 37. Rxa6 1-0

[Event "EYCC Open U12 2018"]
[Site "Riga"]
[Date "2018.08.27"]
[Round "7"]
[White "Rozen, Eytan"]
[Black "Sokolovsky, Yahli"]
[Result "0-1"]
[ECO "A05"]
[WhiteElo "2106"]
[BlackElo "2062"]
[Annotator "NA"]
[PlyCount "64"]
[EventDate "2018.08.20"]
[EventType "swiss"]
[EventCountry "LAT"]
[SourceTitle "playchess.com"]
[Source "ChessBase"]
[SourceQuality "1"]
[TimeControl "40/5400+30:1800+30"]

1. Nf3 Nf6 2. b3 g6 3. Bb2 Bg7 4. e3 O-O 5. d4 d6 6. Nbd2 Nbd7 7. Be2 b6 8. O-O Bb7 9. c4 Re8 10. Qc2 e5 11. dxe5 dxe5 12. Rfd1 Qe7 13. Rac1 a5 14. a4 e4 15. Ne1 Nc5 16. Nb1 Bc8 $17 17. Bd4 Bf5 18. Nc3 c6 19. Rd2 Bf8 20. Rcd1 Ng4 21. g3 Ne6 22. Ng2 Ng5 23. Nf4 Ne5 24. Bxe5 Qxe5 25. h4 Nf3+ 26. Bxf3 exf3 27. e4 Bg4 28. Nd3 Qe6 29. Re1 Bh6 30. Rdd1 Bh3 31. Nd5 cxd5 32. cxd5 Qg4 0-1

[Event "EYCC Open U12 2018"]
[Site "Riga"]
[Date "2018.08.28"]
[Round "8"]
[White "Makoveev, Ilya"]
[Black "Grebnev, Aleksey"]
[Result "1-0"]
[ECO "E62"]
[WhiteElo "2249"]
[BlackElo "2143"]
[Annotator "NA RC"]
[PlyCount "71"]
[EventDate "2018.08.20"]
[EventType "swiss"]
[EventCountry "LAT"]
[SourceTitle "playchess.com"]
[Source "ChessBase"]
[SourceQuality "1"]
[TimeControl "40/5400+30:1800+30"]

1. d4 Nf6 2. c4 g6 3. g3 Bg7 4. Bg2 O-O 5. Nc3 d6 6. Nf3 Nc6 7. O-O Bf5 8. d5 Na5 9. Nd4 Bd7 10. b3 c5 11. dxc6 Nxc6 12. Bb2 Qa5 13. Rc1 Rac8 {[%emt 0:05:21] E60: King's Indian: Unusual lines and Fianchetto Variation without Nc3} 14. e3 a6 {[%emt 0:05:52] LiveBook: 10 Games} 15. a3 Nxd4 16. exd4 {[%emt 0:02:24] [#]} b5 $146 ({Predecessor:} 16... Bc6 17. b4 Qd8 18. d5 Bd7 19. Ne2 a5 20. c5 axb4 21. c6 bxa3 22. cxd7 {½-½ (38) Ftacnik,L (2544)-Hracek,Z (2625) Czechia 2009}) 17. b4 Qd8 18. c5 Bg4 19. Qb3 dxc5 20. bxc5 Qxd4 $2 (20... Bf5 $14) 21. Nd5 Qd2 22. Nxe7+ Kh8 23. Nxc8 Bxc8 24. Rfd1 Qe2 25. Re1 Qh5 26. c6 Kg8 27. c7 Qf5 28. Qf3 Qg5 29. h4 Qf5 30. Qxf5 gxf5 $18 31. Red1 Nd7 32. Bxg7 Kxg7 33. Bb7 Bxb7 34. Rxd7 Bc8 35. Rd8 f6 36. Rcd1 1-0

[Event "EYCC Open U12 2018"]
[Site "Riga"]
[Date "2018.08.29"]
[Round "9"]
[White "Droin, Augustin"]
[Black "Sokolovsky, Yahli"]
[Result "1-0"]
[ECO "B06"]
[WhiteElo "2077"]
[BlackElo "2062"]
[Annotator "NA"]
[PlyCount "160"]
[EventDate "2018.08.20"]
[EventType "swiss"]
[EventCountry "LAT"]
[SourceTitle "playchess.com"]
[Source "ChessBase"]
[SourceQuality "1"]
[TimeControl "40/5400+30:1800+30"]

1. e4 g6 2. d4 Bg7 3. Nf3 d6 4. Bc4 Nf6 5. Qe2 O-O 6. O-O a6 {[%emt 0:02:47] B06: Moderne Verteidigung} (6... Bg4 7. h3 Bxf3 8. Qxf3 Nc6 9. c3 e5 10. Be3 exd4 11. cxd4 Nd7 12. Rd1 Nb6 13. Bb3 Na5 14. Nc3 Nxb3 15. axb3 c6 16. d5 {½-½ (41) Vachier Lagrave,M (2779)-Nakamura,H (2777) Saint Louis 2018}) 7. e5 dxe5 $146 ({Vorgänger:} 7... Ne8 8. h3 Nc6 9. c3 Kh8 10. Bf4 Na5 11. Bd3 c5 12. dxc5 dxc5 13. Rd1 {1-0 (63) Hebden,M (2516)-Harvey,M (2130) England 2012}) 8. dxe5 Nd5 9. Rd1 c6 10. Bxd5 cxd5 11. c4 Bg4 12. cxd5 Nd7 13. Bf4 Qc7 14. Nbd2 Nxe5 (14... Nb6 $142) 15. Bxe5 Bxe5 16. Qxe5 Qxe5 17. Nxe5 Bxd1 18. Rxd1 Rfd8 19. Ndc4 Rac8 20. Ne3 Rc5 21. Kf1 e6 22. Nd3 Rc7 23. dxe6 fxe6 24. Ke2 Kg7 25. Nf4 Rxd1 26. Nxe6+ Kf6 27. Nxc7 Rb1 28. Ncd5+ Ke5 29. Kd3 b5 30. Kc2 Re1 31. Nc3 Kd4 32. Kd2 Rh1 33. h3 h5 34. Ne2+ Ke5 35. f4+ Kd6 36. Ng3 Ra1 37. a3 a5 38. Ne2 b4 39. Nc4+ Kc5 40. Nxa5 bxa3 41. Nb3+ Kd6 42. bxa3 Rxa3 43. Nbd4 Ke7 44. Ke1 Kf6 45. Kf2 g5 46. Nf3 gxf4 47. Nxf4 Ra5 48. Kg3 Kg7 49. Kh4 Kh6 50. g3 Rc5 51. Ne1 Ra5 52. Nc2 Rb5 53. Ne3 Re5 54. Nc4 Rc5 55. Nd6 Ra5 56. Ne4 Rf5 57. Nd6 Ra5 58. Ne8 Rf5 59. Nc7 Re5 60. Na8 Rb5 61. Nc7 Re5 62. Nce6 Rf5 63. Nd4 Rc5 64. Nf3 Ra5 65. Nd2 Rb5 66. Ne4 Rf5 67. Nd6 Ra5 68. Nc8 Rb5 $1 69. Ne7 Re5 70. Nc8 Rb5 71. Nd6 Ra5 72. g4 hxg4 73. hxg4 Ra1 74. g5+ $11 Kh7 75. g6+ Kh8 76. Nf7+ Kg7 77. Ng5 Ra4 78. Nge6+ Kf6 79. g7 Rxf4+ 80. Kg3 Ra4 {Kh4 Kf7+} 1-0

[Event "EYCC Open U12 2018"]
[Site "Riga"]
[Date "2018.08.29"]
[Round "9"]
[White "Razafindratsima, Timothe"]
[Black "Vasilyev, Alexey"]
[Result "1-0"]
[ECO "B47"]
[WhiteElo "1978"]
[BlackElo "2018"]
[Annotator "NA"]
[PlyCount "119"]
[EventDate "2018.08.20"]
[EventType "swiss"]
[EventCountry "LAT"]
[SourceTitle "playchess.com"]
[Source "ChessBase"]
[SourceQuality "1"]
[TimeControl "40/5400+30:1800+30"]

1. e4 c5 2. Nf3 e6 3. d4 cxd4 4. Nxd4 Nc6 5. Nc3 Qc7 6. Be2 a6 {[%emt 0:00:33] LiveBook: 5533 Games} 7. a3 Nf6 8. Be3 Be7 9. f4 d6 10. g4 Nd7 11. g5 b5 12. h4 {[%emt 0:03:21] B84: Sicilian Scheveningen: 6 Be2 a6, lines without early Be3} Bb7 13. h5 $146 ({Predecessor:} 13. Rg1 Rc8 14. f5 Nxd4 15. Qxd4 e5 {1-0 (30) Kriebel,T (2487)-Zetocha,C (2348) Slovakia 2018}) 13... Nf8 (13... Nc5 $14) 14. Nxc6 Bxc6 15. Qd4 e5 {[%emt 0:06:52] [#]} 16. Qd2 $1 exf4 17. Bxf4 Ne6 18. O-O-O ({Lieber} 18. Be3 $16) 18... Nxf4 19. Qxf4 h6 20. gxh6 Rxh6 21. Kb1 Rd8 22. Nd5 Bxd5 23. Rxd5 Bf6 24. Rhd1 Be5 25. Qg5 Rc8 26. R1d2 Rf6 {[%emt 0:06:36] [#]} 27. Bd3 ({Not} 27. Qxg7 $2 Rf1+ 28. Bxf1 Bxg7 $19) ({Only move:} 27. Rxe5+ $1 $16 dxe5 28. Qxg7) 27... Rb8 28. Rd1 b4 29. Qxg7 Ke7 30. Rxe5+ dxe5 31. axb4 Rxb4 32. c4 Qb6 33. Rd2 Qe3 34. Qg2 Rfb6 35. Qe2 Qxe2 36. Bxe2 Kf6 37. Bd3 Kg5 38. Rh2 Rb3 39. c5 Rh6 40. Bc4 Rb7 41. Rf2 f6 42. Bxa6 Rc7 43. b4 Rxh5 44. Rf5+ Kg6 45. Rxh5 Kxh5 46. Bc4 Rc8 47. Kc2 $18 Kg5 48. Be6 Rb8 49. Kc3 Kf4 50. Bf5 Ke3 51. Kc4 Rd8 52. c6 Rd1 53. b5 Rc1+ 54. Kd5 Rb1 55. Kc5 Rc1+ 56. Kb6 Kd4 57. c7 Rc5 58. c8=Q Rxc8 59. Bxc8 Kxe4 60. Kc5 1-0